 Dungeon Sprint DCSS version 0.29-a0-364-g921d912d32 (webtiles) character file.

Game seed: 10446357618577384316

3675 mhtbhm the Severer (level 9, -6/138 HPs)
             Began as a Black Draconian Berserker on Apr 30, 2022.
             Was the Champion of Trog.
             Succumbed to a sea snake's poison
             ... in the Dungeon (Sprint VII: "The Pits").
             The game lasted 00:03:21 (2272 turns).

mhtbhm the Severer (Black Draconian Berserker)      Turns: 2272, Time: 00:03:22

Health: -6/138     AC:  8    Str: 27    XL:     9   Next: 89%
Magic:  9/9        EV: 17    Int:  8    God:    Trog [******]
Gold:   0          SH:  0    Dex: 13    Spells: 8/8 levels left

rFire   . . .      SeeInvis .   a - +2 battleaxe (flame)
rCold   . . .      Faith    .   (shield currently unavailable)
rNeg    . . .      Spirit   .   (body armour unavailable)
rPois   .          Reflect  .   (helmet restricted)
rElec   +          Harm     .   j - +0 cloak
rCorr   .          Rampage  .   (no gloves)
Will    .....      NoTele   +   (no boots)
Stlth   ..........              (no amulet)
HPRegen 0.33/turn               l - +3 ring of dexterity
MPRegen 0.11/turn               m - +3 ring of strength

@: berserking (expiring), lethally poisoned (-6 -> -84), very quick
A: breathe lightning, AC +7, unfitting armour, electricity resistance,
cold-blooded
a: Breathe Lightning, Renounce Religion, Berserk, Trog's Hand, Brothers in Arms


You were in the Dungeon.
You worshipped Trog.
Trog was exalted by your worship.
You visited 1 branch

Inventory:

Hand Weapons
 a - a +2 battleaxe of flaming (weapon)
 n - a +4 vorpal executioner's axe
Missiles
 k - 5 poisoned darts (quivered)
Armour
 j - a +0 cloak (worn)
Jewellery
 l - a +3 ring of dexterity (left hand)
 m - a +3 ring of strength (right hand)
Scrolls
 g - a scroll of blinking
 i - a scroll of summoning
Potions
 b - 6 potions of curing
 c - 6 potions of heal wounds
 d - a potion of haste
 e - 4 potions of magic
 f - 3 potions of berserk rage
 h - 2 potions of invisibility


   Skills:
 + Level 12.7 Fighting
 + Level 15.7 Axes
 + Level 11.0 Dodging
 + Level 6.0 Stealth


You had 8 spell levels left.
You didn't know any spells.
Your spell library was empty.

Dungeon Overview and Level Annotations

Branches:
Dungeon (1/1)

Altars:


Innate Abilities, Weirdness & Mutations

You can breathe wild blasts of lightning.
Your glossy black scales are hard. (AC +7)
You cannot fit into any form of body armour.
You are resistant to electric shocks. (rElec)
You are cold-blooded and may be slowed by cold attacks.


Message History

You dice the ogre like an onion!!! You burn the ogre.
You kill the ogre!
Trog accepts your kill.
You hit the sea snake. You burn the sea snake.
You feel very sick.
Unknown command.
You miss the sea snake.
The sea snake is lightly wounded.
You feel very sick. The sea snake bites you!
You are lethally poisoned!
The sea snake poisons you!
You closely miss the sea snake.
The sea snake is lightly wounded.
You feel extremely sick. The sea snake misses you.
You slash the sea snake! You burn the sea snake. You tail-slap the sea snake.
The sea snake is heavily wounded.
* * * LOW HITPOINT WARNING * * *
You feel extremely sick. The sea snake closely misses you.
You closely miss the sea snake.
The sea snake is heavily wounded.
* * * LOW HITPOINT WARNING * * *
You feel extremely sick.
You completely miss the sea snake.
The sea snake is heavily wounded.
* * * LOW HITPOINT WARNING * * *
You feel very sick. The sea snake bites you!
* * * LOW HITPOINT WARNING * * *
You are more poisoned.
The sea snake poisons you!
You slice the sea snake!! You burn the sea snake!
Your tail-slap misses the sea snake.
The sea snake is almost dead.
* * * LOW HITPOINT WARNING * * *
You feel extremely sick.
Unknown command.
You die...

...............+
.....#..#......#
...............#
##'#####''######
......##''#########
......##).....#...+
......##....###.)S#
..<...##...##.+...+
......##..##..##@##
......##..#..##...##
......##..#..#.....#
########..'..'.....+
########..#..#.....#
.#!.[[##..#..##...##
.#!![[##..##..##'##
.'..))##.รท.##.+)))+
.#..))##....###)).#


You could see a sea snake.

Vanquished Creatures
  A sea snake (D)
  A flayed ghost (D)
  A necromancer (D)
  2 black mambas (D)
  A guardian mummy (D)
  Sigmund (D)
  A snapping turtle (D)
  A redback (D)
  An orc warrior (D)
  An ogre (D)
  A phantom (D)
  A kobold brigand (D)
  A scorpion (D)
  A gnoll sergeant (D)
  A jelly (D)
  Crazy Yiuf (D)
  An iron imp (D)
  4 orc wizards (D)
  3 gnolls (D)
  An adder (D)
  2 river rats (D)
  An ufetubus (D)
  An adder skeleton (D)
  An adder simulacrum (D)
  4 orcs (D)
  A ball python (D)
  An endoplasm (D)
  A hobgoblin (D)
  2 jackals (D)
  A quokka (D)
  A ball python skeleton (D)
  A frilled lizard (D)
  A kobold (D)
  2 quokka skeletons (D)
46 creatures vanquished.

Vanquished Creatures (collateral kills)
  2 orc warriors (D)
  An orc priest (D)
  An orc wizard (D)
  An orc (D)
  2 jackals (D)
7 creatures vanquished.

Grand Total: 53 creatures vanquished

Notes
Turn   | Place    | Note
-------+----------+-------------------------------------------
     0 | D        | mhtbhm the Draconian Berserker began the quest for the Orb.
     0 | D        | Reached XP level 1. HP: 19/19 MP: 1/1
   225 | D        | Noticed a scorpion
   236 | D        | Killed a scorpion
   237 | D        | Reached skill level 5 in Fighting
   237 | D        | Reached skill level 5 in Axes
   237 | D        | Reached XP level 2. HP: 29/29 MP: 2/2
   237 | D        | Reached XP level 3. HP: 36/36 MP: 3/3
   240 | D        | Reached ** piety under Trog
   383 | D        | Reached XP level 4. HP: 42/44 MP: 4/4
   409 | D        | Reached *** piety under Trog
   410 | D        | Reached skill level 5 in Dodging
   418 | D        | Reached skill level 6 in Axes
   477 | D        | Noticed an orc warrior
   477 | D        | Noticed Crazy Yiuf
   479 | D        | Noticed an orc warrior
   481 | D        | Killed Crazy Yiuf
   484 | D        | Reached skill level 7 in Axes
   484 | D        | Reached XP level 5. HP: 52/52 MP: 5/5
   485 | D        | Reached **** piety under Trog
   487 | D        | Reached skill level 1 in Stealth
   489 | D        | Reached ***** piety under Trog
   501 | D        | Killed an orc warrior
   502 | D        | Reached skill level 8 in Axes
   502 | D        | Reached XP level 6. HP: 14/61 MP: 6/6
   503 | D        | Killed an orc warrior
   504 | D        | Reached skill level 9 in Axes
   506 | D        | Received a gift from Trog
   748 | D        | Noticed a black mamba
   753 | D        | Killed a black mamba
   754 | D        | Reached skill level 10 in Fighting
   754 | D        | Reached skill level 11 in Axes
   754 | D        | Your scales start taking on a glossy black colour.
   754 | D        | Reached XP level 7. HP: 52/72 MP: 7/7
   754 | D        | Gained mutation: You are resistant to electric shocks.
                  | (rElec) [Black Draconian growth]
   916 | D        | Noticed Sigmund
   939 | D        | Killed Sigmund
   940 | D        | Reached XP level 8. HP: 34/80 MP: 8/8
  1196 | D        | Received a gift from Trog
  1355 | D        | Noticed a snapping turtle
  1381 | D        | Killed a snapping turtle
  1381 | D        | Received a gift from Trog
  1382 | D        | Reached skill level 12 in Axes
  1556 | D        | Noticed a black mamba
  1558 | D        | Noticed a sea snake
  1564 | D        | Killed a black mamba
  1565 | D        | Reached skill level 13 in Axes
  1569 | D        | Killed a sea snake
  1570 | D        | Reached skill level 10 in Dodging
  1570 | D        | Reached skill level 5 in Stealth
  1570 | D        | Reached XP level 9. HP: 41/90 MP: 9/9
  1824 | D        | Noticed a flayed ghost
  1832 | D        | Killed a flayed ghost
  1832 | D        | Reached ****** piety under Trog
  1833 | D        | Reached skill level 14 in Axes
  1965 | D        | Noticed a guardian mummy
  1975 | D        | Killed a guardian mummy
  1976 | D        | Reached skill level 15 in Axes
  2098 | D        | Noticed a necromancer
  2105 | D        | Received a gift from Trog
  2108 | D        | Killed a necromancer
  2259 | D        | Noticed a sea snake
  2271 | D        | HP: 6/138 [poisoned by a sea snake]
  2272 | D        | Succumbed to a sea snake's poison

Illustrated notes

Levels and vault maps discovered:
D:        pitsprint [storerooms_1, entrance_room_1, metal_vault_6, armoury_2,
          mini_pit_1, grid_room_1, main_hall_1, silver_pit, the_coven_1,
          the_vestibule_1, steel_vault_3, golden_pit, hallway_of_sentries,
          crystal_vault_3, iron_vault_4, final_vault]

Skill      XL: |  1  2  3  4  5  6  7  8  9 |
---------------+----------------------------+-----
Dodging        | 4 6 7 8 9 10 11 | 11.0
Fighting       | 5 7 8 10 11 12 | 12.7
Axes           | 5 7 8 11 13 15 | 15.7
Stealth        | 1 2 3 5 6 |  6.0

Action                   |  1- 3 |  4- 6 |  7- 9 || total
-------------------------+-------+-------+-------++-------
Melee: Hand axe          |    22 |    20 |       ||    42
       Tailslap          |     1 |     4 |    11 ||    16
       Battleaxe         |       |     5 |    80 ||    85
Invok: Berserk           |     1 |     1 |     6 ||     8
       Brothers in Arms  |       |     1 |       ||     1
 Abil: Breathe Lightning |       |       |     1 ||     1
  Use: Potion            |     1 |     4 |     2 ||     7
 Stab: Sleeping          |       |     1 |     1 ||     2
Armor: Skin              |     2 |     1 |    14 ||    17
Dodge: Dodged            |    17 |    21 |    63 ||   101

Table legend: (Time is in decaauts)
 A = Elapsed time spent in this place.
 B = Non-inter-level travel time spent in this place.
 C = Inter-level travel time spent in this place.
 D = Time resting spent in this place.
 E = Time spent auto-exploring this place.
 F = Levels seen in this place.
 G = Mean time per level.
                   A        B        C        D        E       F      G
               +--------+--------+--------+--------+--------+-----+--------+
         Total |   2331 |   2331 |      0 |   1788 |      0 |   1 | 2331.0 |
       Dungeon |   2331 |   2331 |      0 |   1788 |      0 |   1 | 2331.0 |
               +--------+--------+--------+--------+--------+-----+--------+

Top non-repeatable levels by time:
       D: 2331 daAuts
